 Dungeon Crawl Stone Soup version 0.31.0-32-g396128a36d (webtiles) character file.

Game seed: 5823222170418098589

326 Fractals the Grasshopper (level 6, -10/47 HPs)
             Began as a Human Wanderer on Apr 4, 2024.
             Killed from afar by an electric eel (11 damage)
             ... with a bolt of electricity
             ... on level 6 of the Dungeon.
             The game lasted 00:12:37 (5088 turns).

Fractals the Grasshopper (Human Wanderer)           Turns: 5088, Time: 00:12:38

Health: -10/47     AC:  8    Str: 11    XL:     6   Next: 49%
Magic:  10/10      EV:  9    Int: 11    God:
Gold:   178        SH:  0    Dex: 17    Spells: 4/11 levels left

rFire   . . .        a - +1 falchion
rCold   . . .        (no shield)
rNeg    . . .        t - +0 ring mail {rPois}
rPois   +            (no helmet)
rElec   .            (no cloak)
rCorr   .            r - +2 pair of gloves
SInv    .            (no boots)
Will    .....        (no amulet)
Stlth   +            (no ring)
HPRegen 0.27/turn    (no ring)
MPRegen 0.12/turn

%: no passive effects
@: very slow
A: explore regen
a: no special abilities


You were on level 6 of the Dungeon.
You visited 1 branch of the dungeon, and saw 6 of its levels.

You collected 178 gold pieces.

Inventory:

Hand Weapons
 a - a +1 falchion (weapon)
Armour
 r - a +2 pair of gloves (worn)
 t - a +0 ring mail of poison resistance (worn)
Wands
 s - a wand of roots (4)
 u - a wand of flame (14)
Scrolls
 g - a scroll of enchant weapon
 h - a scroll of summoning
 j - 2 scrolls of identify
 k - a scroll of fear
 l - 2 scrolls of torment {unknown}
 o - 3 scrolls of teleportation
 p - a scroll of immolation
 q - a scroll of poison
Potions
 b - 2 potions of lignification
 c - a potion of heal wounds
 e - 3 potions of ambrosia
 i - 5 potions of brilliance
 m - 2 potions of cancellation
 n - a potion of mutation {unknown}
 v - a potion of curing {unknown}
 w - a potion of haste {unknown}


   Skills:
 - Level 3.0 Fighting
 - Level 1.0 Long Blades
 - Level 2.0 Armour
 - Level 3.0 Stealth
 - Level 3.0 Spellcasting
 + Level 5.6 Translocations


You had 4 spell levels left.
You knew the following spells:

 Your Spells              Type           Power      Damage    Failure   Level
a - Apportation           Tloc           26%        N/A       6%          1
b - Gell's Gravitas       Tloc           13%        N/A       19%         3
c - Teleport Other        Tloc           13%        N/A       19%         3

Your spell library contained the following spells:

 Spells                   Type           Power      Damage    Failure   Level
 Sandblast                Erth           2%         2d4       52%         1
 Volatile Blastmotes      Fire/Tloc      14%        2d11      52%         3
 Manifold Assault         Tloc           13%        N/A       52%         4
 Dazzling Flash           Conj/Hex       2%         N/A       88%         3
 Mephitic Cloud           Conj/Alch/Air  1%         N/A       88%         3
 Passwall                 Erth           1%         N/A       88%         3
 Stone Arrow              Conj/Erth      2%         3d7       88%         3
 Brom's Barrelling Bould  Conj/Erth      1%         2d3       99%         4
 Curse of Agony           Necr           1%         N/A       100%        5
 Silence                  Hex/Air        0%         N/A       100%        5
 Dispersal                Tloc           6%         N/A       100%        6


Dungeon Overview and Level Annotations

Branches:
Dungeon (6/15)
 Temple: D:4-7

Altars:
Cheibriados
Dithmenos
Elyvilon
Qazlal
Zin
The Shining One

Shops:
D:3 [


Innate Abilities, Weirdness & Mutations

You regain HP and MP as you explore.


Message History

There is a stone staircase leading down here.
You climb downwards.
Found a scroll of teleportation.
There is a stone staircase leading up here.
Blink to where?
Press: ? - help, Dir - move target
As you read the scroll labelled YWEISH PUPLAN, it crumbles to dust.
It was a scroll of blinking.
o - 3 scrolls of teleportation (gained 1)
You open the door.
There is an open door here.
l - 2 scrolls labelled NETEUL XAFIUR (gained 1)
You enter the shallow water.
Moving in this stuff is going to be slow.
An electric eel comes into view.
The electric eel shoots out a bolt of lightning at you!
The bolt of electricity hits you!
The electric eel shoots out a bolt of lightning at you!
The bolt of electricity hits you.
You hit the plant.
The plant begins to die.
The plant is lightly damaged.
The electric eel shoots out a bolt of lightning at you!
The bolt of electricity hits you!
The bolt of electricity hits the plant!
The plant begins to die.
The electric eel shoots out a bolt of lightning at you!
The bolt of electricity hits you.
The bolt of electricity hits the plant!
The electric eel shoots out a bolt of lightning at you!
The bolt of electricity hits you.
A nearby plant withers and dies.
The electric eel shoots out a bolt of lightning at you!
The bolt of electricity misses you.
The electric eel shoots out a bolt of lightning at you!
The bolt of electricity hits you!
* * * LOW HITPOINT WARNING * * *
The electric eel shoots out a bolt of lightning at you!
The bolt of electricity hits you!
* * * LOW HITPOINT WARNING * * *
The electric eel shoots out a bolt of lightning at you!
The bolt of electricity hits you!
You die...

≈≈≈≈≈≈≈≈~~♣
P≈≈≈≈≈≈≈S≈♣♣
~~≈≈≈≈≈≈≈~~♣
~≈≈≈≈≈≈≈≈~~♣
~≈~≈≈≈≈≈~♣~♣
~~~≈≈≈≈~≈~~♣♣
P~♣≈≈≈≈≈~~P~#
~~~~≈~~~~♣♣P#
♣~~~~P~@♣~♣♣#
~P~~~~P~~PP♣
~~~P~~P~~~♣##
~~~~~~~~P~..#
.~~~~~P~♣♣♣.#
..P♣~P~♣♣#..####♣♣≈
###~♣♣♣P.........~P
#.♣♣♣..#.######~♣
#........#


You could see an electric eel.

Vanquished Creatures
  3 hounds
  4 iguanas
  3 adders
  A gnoll (D:4)
  2 ribbon worms
  5 dart slugs
  9 orcs
  5 endoplasms
  4 giant cockroaches
  3 goblins
  8 hobgoblins
  2 jackals (D:2)
  2 quokkas (D:4)
  3 ball pythons
  5 bats
  5 frilled lizards
  3 kobolds
  9 rats
76 creatures vanquished.

Notes
Turn   | Place    | Note
-------+----------+-------------------------------------------
     0 | D:1      | Fractals the Human Wanderer began the quest for the Orb.
     0 | D:1      | Fractals set off with the following items: a +0 falchion, a
                  | +0 pair of gloves, a potion of heal wounds, a +0 leather
                  | armour; and the following spell memorised: Apportation; and
                  | the following spells available to memorise: Volatile
                  | Blastmotes, Manifold Assault.
     0 | D:1      | Reached XP level 1. HP: 16/16 MP: 2/2
   133 | D:1      | Reached XP level 2. HP: 23/23 MP: 3/3
   423 | D:1      | Reached XP level 3. HP: 26/28 MP: 4/4
   930 | D:2      | Learned a level 3 spell: Gell's Gravitas
  1335 | D:2      | Reached XP level 4. HP: 23/35 MP: 6/6
  2106 | D:3      | Found Botezxi's Antique Armour Boutique.
  2209 | D:3      | Found a faded altar of an unknown god.
  2495 | D:3      | Found a glowing silver altar of Zin.
  2495 | D:3      | Found a glowing golden altar of the Shining One.
  2495 | D:3      | Found a white marble altar of Elyvilon.
  3102 | D:4      | Reached XP level 5. HP: 41/41 MP: 8/8
  3335 | D:4      | Reached skill level 5 in Translocations
  3339 | D:4      | Learned a level 3 spell: Teleport Other
  3633 | D:5      | Entered Level 5 of the Dungeon
  3660 | D:5      | Found a snail-covered altar of Cheibriados.
  3681 | D:5      | Found a stormy altar of Qazlal.
  3713 | D:5      | Reached skill level 1 in Armour
  3876 | D:5      | Found a shadowy altar of Dithmenos.
  4095 | D:5      | Reached XP level 6. HP: 36/47 MP: 8/10
  5088 | D:6      | HP: 1/47 [electric eel/bolt of electricity (10)]
  5088 | D:6      | Killed from afar by an electric eel

Illustrated notes

Levels and vault maps discovered:
D:1:      wander_arrival_lonely_grave, layout_loops_ring, chequers_jeans
D:2:      layout_loops_corners
D:3:      layout_basic, good_gods_mini_temple, serial_shops, shop,
          shapermc_ecumenical_altar_mp_highgroup, serial_bayou_lagoon_a
D:4:      layout_basic, small_statue_intersection
D:5:      layout_rooms, mainiacjoe_overflow_catch_the_wave,
          mainiacjoe_overflow_alcove_1
D:6:      layout_loops_corners, mainiacjoe_overflow_small_starburst,
          serial_bayou, serial_bayou_pond_a, serial_bayou_lake_a,
          serial_bayou_lagoon_b, serial_bayou_pond_d, serial_bayou_ford_a,
          serial_bayou_pond_d, uniq_maggie

Skill      XL: |  1  2  3  4  5  6 |
---------------+-------------------+-----
Stealth        | 3 |  3.0
Fighting       | 3 |  3.0
Spellcasting   | 2 3 |  3.0
Translocations | 5 |  5.6
Armour         | 2 |  2.0
Long Blades    | |  1.0

Action                     |  1- 3 |  4- 6 || total
---------------------------+-------+-------++-------
  Melee: Falchion          |   119 |   209 ||   328
         Punch             |       |     2 ||     2
   Cast: Gell's Gravitas   |     1 |       ||     1
         Teleport Other    |       |     1 ||     1
    Use: Scroll            |     1 |    10 ||    11
         Potion            |       |     4 ||     4
   Stab: Sleeping          |     8 |     4 ||    12
         Distracted        |     3 |       ||     3
 Armour: Leather armour    |    83 |   165 ||   248
         Ring mail         |       |    20 ||    20
  Dodge: Dodged            |    72 |   145 ||   217
